 Dungeon Crawl Stone Soup version 0.32-a0-656-g3542139ebd (webtiles) character file.

Game seed: 18092683473589591278

176 cforsyth the Grave Robber (level 5, -4/43 (46) HPs)
             Began as a Mountain Dwarf Necromancer on Mar 8, 2024.
             Slain by a hell rat (6 damage)
             ... in a sewer on Mar 9, 2024.
             The game lasted 00:06:56 (2344 turns).

cforsyth the Grave Robber (MDNe)                    Turns: 2344, Time: 00:06:56

HP:   -4/43 (46)    AC:  3    Str: 10 (13) XL:     5   Next: 30%
MP:   7/7           EV: 11    Int: 14 (15) God:
Gold: 57            SH:  0    Dex:  7 (10) Spells: 6/7 levels left

rFire   + . .        o - +1 hand axe (heavy)
rCold   . . .        (no shield)
rNeg    . . .        a - +1 robe
rPois   .            (no helmet)
rElec   .            (no cloak)
rCorr   .            (no gloves)
SInv    +            (no boots)
Will    +....        (no amulet)
Stlth   +            (no ring)
HPRegen 0.27/turn    (no ring)
MPRegen 0.10/turn

%: no passive effects
@: enlightened, flying, drained
A: runic magic, artefact enchanting, fire resistance 1, inability to read after
injury 1
a: no special abilities


You were in a sewer.
You visited 1 branch of the dungeon, and saw 3 of its levels.
You also visited: Sewer.

You collected 57 gold pieces.


Innate Abilities, Weirdness & Mutations

Your spellcasting is much less encumbered by armour.
You can use scrolls of enchantment on lesser artefacts.
Your flesh is heat resistant. (rF+)
You occasionally lose the ability to read scrolls when taking damage.


   Skills:
 + Level 3.8 Fighting
 - Level 1.3 Dodging
 - Level 1.4 Stealth
 - Level 1.7 Spellcasting
 + Level 6.0 Necromancy


You had 6 spell levels left.
You knew the following spells:

 Your Spells              Type           Power      Damage    Failure   Level
X - Necrotise             Necr           72%        1d7       1%          1

Your spell library contained the following spells:

 Spells                   Type           Power      Damage    Failure   Level
 Vampiric Draining        Necr           18%        2d7       6%          3
 Animate Dead             Necr           18%        N/A       21%         4
 Sting                    Conj/Alch      4%         1d3       24%         1
 Lesser Beckoning         Tloc           2%         N/A       36%         2
 Mercury Vapours          Alch/Air       2%         N/A       36%         2
 Curse of Agony           Necr           18%        N/A       50%         5
 Gell's Gravitas          Tloc           1%         N/A       58%         3
 Teleport Other           Tloc           1%         N/A       58%         3
 Olgreb's Toxic Radiance  Alch           1%         N/A       94%         4

Inventory:

Hand Weapons
 k - a +0 mace
 n - a +0 hand axe
 o - a +1 heavy hand axe (weapon)
Missiles
 h - 3 atropa-tipped darts
Armour
 a - a +1 robe (worn)
Scrolls
 d - a scroll of noise {unknown}
 e - a scroll of teleportation {unknown}
 f - a scroll of blinking {unknown}
 i - 2 scrolls of identify {unknown}
Potions
 b - a potion of magic
 g - a potion of enlightenment
 j - a potion of degeneration

Dungeon Overview and Level Annotations

Branches:
Dungeon (3/15)              Sewer (1/1)

Altars:

Shops:
D:2 [

Annotations:
D:2 1 runed translucent door, Crazy Yiuf

*##.~~#**
*.~~÷...########
##...~~..########
#~~~▒▒▒...#######
##.~▒▒~▒▒~~#######
#...▒..~▒..~######
#††▒▒$.~▒▒~.######
#÷~▒!!~~~▒.~######
#∩∩▒∩?~~~r@.######
#~~▒?!~~~▒.~######
#~~▒▒$.~▒▒..######
#~.~▒.~.▒~~.######
##.~▒▒~▒▒~.#######
#.~~▒▒▒.~~#######
##~..~~~~########
#...~.~.########
###.~.###


You could see a hell rat.


Message History

The hell rat bites you.
You feel drained.
You hit the hell rat but do no damage.
The hell rat is lightly wounded.
Your rat skeleton crumbles into dust!
The hell rat bites you!
* * * LOW HITPOINT WARNING * * *
You feel drained.
* * * LOW HITPOINT WARNING * * *
The hell rat barely misses you.
Unknown command.
It was a potion of degeneration.
There was something very wrong with that liquid.
You feel weakened.
You feel dopey.
You feel clumsy. The hell rat bites you!
* * * LOW HITPOINT WARNING * * *
The hell rat completely misses you.
It was a potion of mutation.
You feel extremely strange.
You occasionally lose the ability to read scrolls when taking damage.
You feel resistant to heat. The hell rat misses you.
Unknown command.
Unknown command.
As you read the scroll labelled QUTIUW ZAZE, it crumbles to dust.
It is a scroll of enchant armour.
Your +0 robe glows green for a moment.
The hell rat bites you but does no damage.
As you read the scroll labelled UCVUJOOBRAT, it crumbles to dust.
You feel aware of your surroundings.
It was a scroll of revelation.
The hell rat bites you.
You die...

Skill      XL: |  1  2  3  4  5 |
---------------+----------------+-----
Fighting       | 1 2 3 |  3.8
Necromancy     | 5 6 |  6.0
Dodging        | |  1.3
Stealth        | |  1.4
Spellcasting   | |  1.7

Action                     |  1- 3 |  4- 6 || total
---------------------------+-------+-------++-------
  Melee: Unarmed           |    15 |       ||    15
         Hand axe          |       |    33 ||    33
         Mace              |       |    12 ||    12
   Cast: Necrotise         |    48 |    48 ||    96
    Use: Potion            |       |     3 ||     3
         Scroll            |       |     2 ||     2
 Armour: Robe              |    20 |    47 ||    67
  Dodge: Dodged            |    19 |    48 ||    67

Levels and vault maps discovered:
D:1:      lemuel_arrival_cross, layout_rooms
D:2:      layout_rooms, serial_shops, nicolae_shop_hallway_stairs,
          minmay_misc_feat_secret_circle, uniq_crazy_yiuf_cottage, uniq_jessica
D:3:      layout_basic, nicolae_gozag_conspicuous_consumption,
          mainiacjoe_sewer_entry_somewhere_in_here_2,
          ebering_ecumenical_altar_webs, chequers_jeans
Sewer:    sewer_hellmonk_bad_rat

Notes
Turn   | Place    | Note
-------+----------+-------------------------------------------
     0 | D:1      | cforsyth the Mountain Dwarf Necromancer began the quest for
                  | the Orb.
     0 | D:1      | Reached XP level 1. HP: 14/14 MP: 3/3
   140 | D:1      | Reached skill level 1 in Fighting
   215 | D:1      | Reached XP level 2. HP: 23/23 MP: 2/4
   670 | D:1      | Reached skill level 2 in Fighting
   832 | D:2      | Noticed Jessica
   843 | D:2      | Reached skill level 5 in Necromancy
   843 | D:2      | Reached XP level 3. HP: 29/29 MP: 1/5
  1035 | D:2      | Killed Jessica
  1036 | D:2      | Reached XP level 4. HP: 37/37 MP: 0/6
  1605 | D:2      | Reached skill level 3 in Fighting
  1701 | D:2      | Found Xuruopt's Antique Armour Boutique.
  1755 | D:2      | Found a runed translucent door.
  1756 | D:2      | Noticed Crazy Yiuf
  1934 | D:3      | Reached XP level 5. HP: 11/45 MP: 0/7
  2088 | D:3      | Found a glowing drain.
  2096 | Sewer    | Entered a sewer
  2147 | Sewer    | Reached skill level 6 in Necromancy
  2341 | Sewer    | HP: 1/43 [hell rat (10)]
  2342 | Sewer    | Gained mutation: You occasionally lose the ability to read
                  | scrolls when taking damage. [potion of mutation]
  2342 | Sewer    | Gained mutation: Your flesh is heat resistant. (rF+)
                  | [potion of mutation]
  2344 | Sewer    | Slain by a hell rat

Vanquished Creatures
  A bombardier beetle (D:2)
  Jessica (D:2)
  3 river rats (Sewer)
  3 adders
  3 ribbon worms
  4 dart slugs
  3 ball pythons (D:1)
  3 endoplasms
  2 giant cockroaches (D:1)
  A goblin (D:1)
  2 hobgoblins (D:2)
  2 quokkas (D:1)
  6 bats
  3 frilled lizards
  4 kobolds (D:1)
  5 rats
46 creatures vanquished.

Vanquished Creatures (collateral kills)
  A goblin (D:1)
  2 ball pythons
  7 rats
10 creatures vanquished.

Grand Total: 56 creatures vanquished

Table legend: (Time is in decaauts)
 A = Elapsed time spent in this place.
 B = Non-inter-level travel time spent in this place.
 C = Inter-level travel time spent in this place.
 D = Time resting spent in this place.
 E = Time spent auto-exploring this place.
 F = Levels seen in this place.
 G = Mean time per level.
                   A        B        C        D        E       F      G
               +--------+--------+--------+--------+--------+-----+--------+
         Total |   2399 |   2341 |     58 |    153 |   1520 |   4 |  599.8 |
       Dungeon |   2133 |   2075 |     58 |    117 |   1376 |   3 |  711.0 |
         Sewer |    266 |    266 |      0 |     36 |    144 |   1 |  266.0 |
               +--------+--------+--------+--------+--------+-----+--------+

Top non-repeatable levels by time:
     D:2: 923 daAuts
     D:1: 885 daAuts
     D:3: 324 daAuts
   Sewer: 266 daAuts

Table legend:
 A = Non-vault XP
 B = Vault XP
 C = Vault XP percentage of total XP
 D = Non-vault monster count
 E = Vault monster count
 F = Vault count percentage of total count
                 A         B        C        D         E       F
            +---------+---------+-------+---------+---------+-------
      Total |     132 |     120 |  47.6 |      37 |      19 |  33.9
            +---------+---------+-------+---------+---------+-------
        D:1 |      41 |       0 |   0.0 |      24 |       0 |   0.0
        D:2 |      91 |      37 |  28.9 |      13 |       1 |   7.1
        D:3 |       0 |      34 | 100.0 |       0 |       6 | 100.0
      Sewer |       0 |      49 | 100.0 |       0 |      12 | 100.0
            +---------+---------+-------+---------+---------+-------
